 Dungeon Crawl Stone Soup version 0.28.0-43-g3370ac3207 (webtiles) character file.

Game seed: 11893324035426915548

742 pkoi the Conjurer (level 7, 0/41 HPs)
             Began as an Octopode Conjurer on Mar 17, 2022.
             Was an Initiate of Sif Muna.
             Killed from afar by Ijyb (13 damage)
             ... with an iceblast
             ... on level 5 of the Dungeon.
             The game lasted 00:07:51 (7163 turns).

pkoi the Conjurer (Octopode Conjurer)               Turns: 7163, Time: 00:07:52

Health: 0/41       AC:  1    Str:  6    XL:     7   Next: 76%
Magic:  11/11      EV: 13    Int: 22    God:    Sif Muna [......]
Gold:   140        SH:  0    Dex: 11    Spells: 1/12 levels left

rFire   . . .      SeeInvis .   i - +0 short sword (protect)
rCold   . . .      Faith    .   (no shield)
rNeg    . . .      Spirit   .   (helmet restricted)
rPois   .          Reflect  .   (no amulet)
rElec   .          Harm     .   (no ring)
rCorr   .          Rampage  .   (no ring)
Will    .....                   (no ring)
Stlth   +++.......              (no ring)
HPRegen 0.13/turn               (no ring)
MPRegen 0.12/turn               (no ring)
                                (no ring)
                                (no ring)

@: no status effects
A: almost no armour, amphibious, 8 rings, camouflage 1, gelatinous body 1,
(nimble swimmer 1), tentacles
a: Renounce Religion


You were on level 5 of the Dungeon.
You worshipped Sif Muna.
Sif Muna was noncommittal.
You visited 2 branches of the dungeon, and saw 7 of its levels.

You collected 140 gold pieces.

Inventory:

Hand Weapons
 c - a +0 dagger
 i - a +0 short sword of protection (weapon)
Missiles
 f - 2 throwing nets
Magical Staves
 k - a staff of poison
Jewellery
 j - an amulet of faith
 n - an amulet of the acrobat
 q - a ring of willpower
Scrolls
 b - 2 scrolls of enchant weapon
 e - a scroll of blinking {unknown}
 g - a scroll of immolation {unknown}
 h - 2 scrolls of teleportation {unknown}
 m - 4 scrolls of identify
 p - a scroll of holy word {unknown}
 r - 2 scrolls of magic mapping {unknown}
 t - a scroll of fog {unknown}
Potions
 a - a potion of lignification {unknown}
 d - a potion of berserk rage {unknown}
 l - 3 potions of heal wounds {unknown}
 o - a potion of magic {unknown}
 s - a potion of attraction {unknown}
 u - a potion of mutation {unknown}


   Skills:
 - Level 2.0 Dodging
 - Level 4.0 Stealth
 - Level 3.0 Spellcasting
 + Level 7.1 Conjurations
 + Level 4.7 Translocations


You had one spell level left.
You knew the following spells:

 Your Spells              Type           Power      Damage    Failure   Level
a - Magic Dart            Conj           100%       1d8       1%          1
b - Searing Ray           Conj           68%        2d6       1%          2
c - Iskenderun's Mystic   Conj/Tloc      29%        2d7       11%         4
d - Fulminant Prism       Conj/Hex       9%         3d7       28%         4

Your spell library contained the following spells:

 Spells                   Type           Power      Damage    Failure   Level
 Slow                     Hex            12%        N/A       12%         1
 Dazzling Flash           Conj/Hex       38%        N/A       9%          3
 Confusing Touch          Hex            3%         N/A       36%         3
 Vampiric Draining        Necr           3%         2d6       36%         3


Dungeon Overview and Level Annotations

Branches:
Dungeon (6/15)             Temple (1/1) D:4

Altars:
Ashenzari
Cheibriados
Elyvilon
Fedhas
Gozag
Hepliaklqana
Kikubaaqudgha
Okawaru
Qazlal
Sif Muna
Trog
Wu Jian
Yredelemnul
The Shining One

Annotations:
D:3 Sigmund
D:5 Ijyb
D:6 Pikel


Innate Abilities, Weirdness & Mutations

You cannot wear most types of armour.
You are amphibious.
You can wear up to eight rings at the same time.
Your skin changes colour to match your surroundings (Stealth+).
Your rubbery body absorbs attacks. (AC +1, EV +1)
((You are camouflaged when in or above water. (Stealth+)))
You have tentacles for arms and can constrict up to eight enemies at once.


Message History

Casting: Searing Ray (safe; 1% risk of failure)
Confirm with . or Enter, or press ? or * to list all spells.
Aiming: Searing Ray (safe; 1% risk of failure)
Press: ? - help, Shift-Dir - straight line, f - iguana
Aim: an iguana (severely wounded, 83% to hit)
The searing ray hits the iguana.
You kill the iguana!
Sif Muna accepts your kill. (Press . to maintain the ray.)
You start resting.
Magic restored.
You start waiting.
Done waiting.
Found a stone staircase leading down.
Things that are here:
an iguana corpse; a water moccasin corpse
m - 4 scrolls of identify (gained 1)
Found a battleaxe.
Ijyb the Twisted Goblin comes into view.
She is wielding a +0 club and carrying a wand of iceblast (13).
Ijyb screams, "It's all mine!"
Ijyb zaps a wand.
The mass of ice explodes!
The iceblast engulfs you!
Ijyb screams, "Get away!"
Ijyb zaps a wand.
The mass of ice explodes!
The iceblast engulfs you!
* * * LOW HITPOINT WARNING * * *
You hear an angry hiss.
You hear a shout!
Found a stone staircase leading down.
There is a stone staircase leading down here.
You climb downwards.
Pikel shouts!
The lemure shouts! x2; The hound barks!
The ogre shouts!
You hear an angry hiss.
You hear a shout!
The lemure shouts!
Found a spear and 17 arrows.
There is a stone staircase leading up here.
You climb upwards.
Level annotation: Ijyb
There is a stone staircase leading down here.
Ijyb zaps a wand.
The mass of ice explodes!
The iceblast engulfs you!
* * * LOW HITPOINT WARNING * * *
You hear a shout!
You hear an angry hiss.
Ijyb zaps a wand.
The mass of ice explodes!
The iceblast engulfs you!
You die...

# ######........ # ###.....##...#
## ###^.....##....##
.###......###......## .........##
#.......# ........## #.......#
.......## #.>.....## ......####
#.......# )....#...## #..@....#
.)........# #.......# ##
..........# ##......# .#
).........# ##.....# #.#####
.........## ##...># #......
........###### ##...# #.....
.............#######g####..######
...#.............................
#######################..........


You could see Ijyb.

Vanquished Creatures
  A water moccasin (D:5)
  A sky beast (D:5)
  A necrophage (D:4)
  A water moccasin zombie (D:5)
  A water moccasin skeleton (D:4)
  An orc priest (D:3)
  A centaur skeleton (D:4)
  Jessica (D:2)
  An iguana (D:5)
  An orc wizard (D:4)
  A hound skeleton (D:4)
  Robin (D:2)
  5 gnolls
  6 adders
  2 worms (D:2)
  A dart slug (D:2)
  6 orcs
  6 bats
  10 endoplasms
  3 giant cockroaches
  10 goblins
  8 hobgoblins
  11 kobolds
  3 quokkas
  5 ball pythons
  3 frilled lizards
  A rat (D:3)
92 creatures vanquished.

Vanquished Creatures (others)
  4 plants (D:4)
4 creatures vanquished.

Grand Total: 96 creatures vanquished

Notes
Turn   | Place    | Note
-------+----------+-------------------------------------------
     0 | D:1      | pkoi the Octopode Conjurer began the quest for the Orb.
     0 | D:1      | Reached XP level 1. HP: 11/11 MP: 3/3
   213 | D:1      | Reached XP level 2. HP: 17/17 MP: 3/5
   455 | D:1      | Learned a level 2 spell: Searing Ray
  1765 | D:2      | Reached XP level 3. HP: 18/21 MP: 1/6
  2230 | D:2      | Noticed Jessica
  2254 | D:2      | Killed Jessica
  2255 | D:2      | Reached XP level 4. HP: 21/27 MP: 2/7
  2381 | D:2      | Reached skill level 5 in Conjurations
  2575 | D:2      | Found a faded altar of an unknown god.
  2737 | D:2      | Noticed Robin
  3139 | D:2      | Learned a level 4 spell: Iskenderun's Mystic Blast
  3343 | D:2      | Killed Robin
  3344 | D:2      | Reached XP level 5. HP: 28/31 MP: 1/9
  3595 | D:3      | Noticed Sigmund
  3988 | D:3      | Reached skill level 1 in Translocations
  4596 | D:3      | Reached XP level 6. HP: 32/36 MP: 1/10
  5104 | D:4      | Noticed a necrophage
  5110 | D:4      | Killed a necrophage
  5111 | D:4      | Reached skill level 6 in Conjurations
  5160 | D:4      | Learned a level 4 spell: Fulminant Prism
  5183 | D:4      | Found a stormy altar of Qazlal.
  5232 | D:4      | Found a staircase to the Ecumenical Temple.
  5296 | Temple   | Entered the Ecumenical Temple
  5566 | Temple   | Became a worshipper of Sif Muna the Loreminder
  5724 | D:4      | Reached XP level 7. HP: 41/41 MP: 3/11
  6381 | D:5      | Entered Level 5 of the Dungeon
  6907 | D:5      | Reached skill level 7 in Conjurations
  7140 | D:5      | Noticed Ijyb
  7157 | D:6      | Noticed Pikel
  7163 | D:5      | Killed from afar by Ijyb

Illustrated notes

Levels and vault maps discovered:
D:1:      wheals_arrival_linesprint, layout_basic, serial_bayou_ford_a
D:2:      layout_basic, hellmonk_ecumenical_altar_arch_garden, uniq_jessica,
          uniq_robin
D:3:      layout_loops_ring, serial_rivers, chequers_serial_rivers_micro_c,
          chequers_serial_rivers_micro_d, chequers_serial_rivers_micro_e,
          chequers_serial_rivers_micro_e, serial_shops, shop_statue,
          st_stairs_14, grunt_decor_one_mirror, uniq_sigmund
D:4:      layout_gridville, mainiacjoe_overflow_boulevard,
          minmay_temple_entry_glassed_door, guppyfry_early_lair_pool
D:5:      layout_cave_pods, uniq_grinder, uniq_ijyb, uniq_blork_the_orc
D:6:      layout_rooms, gammafunk_ghost_arena, uniq_pikel
Temple:   nicolae_temple_figure_eight

Skill      XL: |  1  2  3  4  5  6  7 |
---------------+----------------------+-----
Stealth        | 3 4 |  4.0
Conjurations   | 5 6 7 |  7.1
Spellcasting   | 3 |  3.0
Translocations | 2 3 4 |  4.7
Dodging        | |  2.0

Action                   |  1- 3 |  4- 6 |  7- 9 || total
-------------------------+-------+-------+-------++-------
Melee: Dagger            |     4 |       |       ||     4
       Constrict         |     1 |     3 |       ||     4
       Staff             |       |     7 |       ||     7
       Tentacles         |       |     4 |       ||     4
       Short sword       |       |     6 |       ||     6
 Cast: Magic Dart        |    63 |   146 |    35 ||   244
       Searing Ray       |     1 |     1 |     4 ||     6
  Use: Scroll            |     1 |       |       ||     1
Armor: Skin              |       |     2 |     1 ||     3
Dodge: Dodged            |     1 |    34 |     3 ||    38
